 Dungeon Crawl Stone Soup version 0.30-a0-242-g7bf8e6d787 (webtiles) character file.

Game seed: 8115956297494085694

2699 funkygono the Magician (level 9, -13/47 HPs)
             Began as a Gargoyle Fire Elementalist on Oct 11, 2022.
             Mangled by a boulder beetle (44 damage)
             ... on level 8 of the Dungeon.
             The game lasted 00:17:07 (7277 turns).

funkygono the Magician (Gargoyle Fire Elementalist) Turns: 7277, Time: 00:17:07

Health: -13/47     AC: 12    Str: 12    XL:     9   Next: 65%
Magic:  9/29       EV: 12    Int: 20    God:
Gold:   221        SH:  0    Dex: 10    Spells: 8/23 levels left

rFire   + . .      SeeInvis .    t - +3 mace (holy)
rCold   . . .      Faith    .    (no shield)
rNeg    + . .      Spirit   .    w - +0 steam dragon scales
rPois   ∞          Reflect  .    s - +0 helmet
rElec   +          Harm     .    (no cloak)
rCorr   .          Rampage  .    (no gloves)
Will    .....                    (no boots)
Stlth   ++........               (no amulet)
HPRegen 0.27/turn                k - ring of magical power
MPRegen 0.21/turn                E - ring of protection from fire

@: no status effects
A: sickness immunity, AC +6, negative energy resistance 1, electricity
resistance, torment resistance 1, petrification resistance
a: no special abilities


You were on level 8 of the Dungeon.
You visited 2 branches of the dungeon, and saw 9 of its levels.

You collected 305 gold pieces.
You spent 84 gold pieces at shops.

Inventory:

Hand Weapons
 g - a +0 whip
 t - a +3 mace of holy wrath (weapon)
Armour
 a - a +0 robe
 f - the +0 robe "Plog" {Str+4 Dex+3}
   (You found it on level 3 of the Dungeon)

   Str:       It affects your strength (+4).
   Dex:       It affects your dexterity (+3).
 m - the +2 robe of Amorality {Harm rElec Int+2 Dex-5}
   (You found it on level 3 of the Dungeon)

   Int:       It affects your intelligence (+2).
   Dex:       It affects your dexterity (-5).
   rElec:     It insulates you from electricity.
   Harm:      It increases damage dealt and taken.
 s - a +0 helmet (worn)
 w - +0 steam dragon scales (worn)
Jewellery
 k - a ring of magical power (left hand)
 E - a ring of protection from fire (right hand)
Wands
 h - a wand of iceblast (3)
 l - a wand of acid (5)
 v - a wand of charming (8)
 y - a wand of flame (24)
Scrolls
 c - a scroll of blinking
 e - a scroll of enchant armour {unknown}
 i - 3 scrolls of teleportation
 n - a scroll of amnesia
 o - a scroll of poison
 r - 2 scrolls of fear
 x - a scroll of fog
Potions
 b - a potion of magic
 d - 7 potions of curing
 j - 4 potions of might
 p - 3 potions of mutation
 q - a potion of haste
 u - a potion of invisibility
 z - a potion of attraction {unknown}
 D - a potion of heal wounds {unknown}


   Skills:
 + Level 1.0 Fighting
 + Level 1.0 Maces & Flails
 + Level 2.7 Dodging
 - Level 2.1 Stealth
 + Level 7.9 Spellcasting
 + Level 6.0 Conjurations
 + Level 0.3 Translocations
 + Level 7.8 Fire Magic
 * Level 1.0 Air Magic


You had 8 spell levels left.
You knew the following spells:

 Your Spells              Type           Power      Damage    Failure   Level
a - Foxfire               Conj/Fire      100%       2x1d9     1%          1
b - Scorch                Fire           78%        2d9       1%          2
c - Kindle Blastsparks    Fire/Tloc/Air  40%        2d13      8%          3
d - Flame Wave            Conj/Fire      35%        2d10      4%          4
e - Lightning Bolt        Conj/Air       11%        1d24      50%         5

Your spell library contained the following spells:

 Spells                   Type           Power      Damage    Failure   Level
 Static Discharge         Conj/Air       44%        2-4/arc   3%          2
 Inner Flame              Hex/Fire       23%        N/A       5%          3
 Summon Small Mammal      Summ           28%        N/A       9%          1
 Mephitic Cloud           Conj/Pois/Air  17%        N/A       10%         3
 Poisonous Vapours        Pois/Air       20%        N/A       11%         2
 Ensorcelled Hibernation  Hex/Ice        14%        N/A       13%         2
 Passwall                 Tmut/Erth      5%         N/A       13%         2
 Swiftness                Air            12%        N/A       17%         3
 Vhi's Electric Charge    Tloc/Air       20%        N/A       19%         3
 Call Canine Familiar     Summ           7%         N/A       26%         3
 Spider Form              Tmut/Pois      7%         N/A       26%         3
 Summon Guardian Golem    Hex/Summ       7%         N/A       26%         3
 Arcjolt                  Conj/Air       11%        1d21      50%         5
 Anguish                  Hex/Necr       3%         N/A       65%         4
 Cigotuvi's Dreadful Rot  Necr/Pois/Air  Unusable   N/A       N/A         2

Dungeon Overview and Level Annotations

Branches:
Dungeon (8/15)             Temple (1/1) D:7
   Lair: D:8-11

Altars:
Ashenzari
Cheibriados
Dithmenos
Elyvilon
Fedhas
Gozag
Hepliaklqana
Makhleb
Okawaru
Qazlal
Ru
Sif Muna
Uskayaw
Wu Jian
Xom
Yredelemnul
Zin
The Shining One

Shops:
D:2 (?(!*   D:5 !:[=*


Innate Abilities, Weirdness & Mutations

You are immune to sickness and miasma.
Your stone body is resilient. (AC +6)
You are immune to poison.
You resist negative energy. (rN+)
You are resistant to electric shocks. (rElec)
You are resistant to unholy torment.
You are immune to petrification.


Message History

Your Air Magic skill increases to level 1!
Casting: Scorch (safe; 1% risk of failure)
Confirm with . or Enter, or press ? or * to list all spells.
You conjure some foxfire!
The jelly barely misses you. The orc misses you.
Casting: Foxfire (safe; 1% risk of failure)
Confirm with . or Enter, or press ? or * to list all spells.
Flames lash the jelly.
The jelly is burned terribly!
You kill the jelly!
The foxfire hits the orc but does no damage.
The orc is heavily wounded.
The foxfire hits the orc.
The orc is almost dead.
The orc hits you but does no damage.
You hit the orc but do no damage.
The orc is almost dead.
The orc barely misses you.
You barely miss the orc. You punch the orc, but do no damage.
The orc is almost dead.
The orc misses you.
You barely miss the orc.
The orc is almost dead.
The orc hits you but does no damage.
A boulder beetle comes into view.
The orc hits you with a +0 short sword.
You sock the orc!
You kill the orc!
Items here: ( )) [ †.
Casting: Scorch (safe; 1% risk of failure)
Confirm with . or Enter, or press ? or * to list all spells.
You conjure some foxfire!
The boulder beetle curls into a ball and begins rolling!
The foxfire hits the boulder beetle but does no damage. x2
Unknown command.
Casting: Foxfire (safe; 1% risk of failure)
Confirm with . or Enter, or press ? or * to list all spells.
The spell is extremely dangerous to miscast (50% risk of failure)!
Continue anyway?
Okay, then.
The boulder beetle hits you!!!
Ouch! That really hurt!
You die...

###.#.#. .#...
#.....#. ......
#.#.#.#. #...#..
#.#.#.#. #...#..
#.#.#.#.#(..#[. #
#.#.#.#.)#...#...
######.#.#.#..§#°..#..
#..........#..B°......
#.####.###.##@##..###.
####.###......#)....##
#................####
#.#..............#
#.#..............#
#.#.....<.)......#
#.##.............#
#.##.#...........#
#....#..##........


You could see a boulder beetle (rolling).

Vanquished Creatures
  Sigmund (D:2)
  A steam dragon (D:6)
  A water moccasin (D:7)
  2 sky beasts (D:6)
  2 ogres
  2 centaurs
  A phantom (D:6)
  2 kobold brigands (D:8)
  A bullfrog (D:5)
  Blork the orc (D:4)
  4 scorpions
  7 wights
  5 hounds
  3 orc priests
  A jelly (D:8)
  Natasha (twice) (D:4)
  2 iguanas
  7 orc wizards
  11 gnolls
  9 adders
  3 shadow imps
  A white imp (D:8)
  2 ufetubi
  2 dart slugs
  31 orcs
  7 ball pythons
  5 bats
  8 endoplasms
  4 giant cockroaches
  8 goblins
  13 hobgoblins
  4 jackals (D:2)
  5 kobolds
  2 quokkas
  8 frilled lizards
  5 rats
173 creatures vanquished.

Vanquished Creatures (others)
  512 foxfires
512 creatures vanquished.

Grand Total: 685 creatures vanquished

Notes
Turn   | Place    | Note
-------+----------+-------------------------------------------
     0 | D:1      | funkygono the Gargoyle Fire Elementalist began the quest
                  | for the Orb.
     0 | D:1      | Reached XP level 1. HP: 10/10 MP: 3/3
   109 | D:1      | Reached XP level 2. HP: 15/15 MP: 1/5
   112 | D:1      | Learned a level 2 spell: Scorch
   487 | D:1      | Reached XP level 3. HP: 19/19 MP: 4/6
   491 | D:1      | Learned a level 3 spell: Kindle Blastsparks
   979 | D:2      | You fall into a shaft and drop 2 floors!
   982 | D:4      | Noticed a scorpion
   989 | D:4      | Killed a scorpion
   990 | D:4      | Reached XP level 4. HP: 14/24 MP: 0/8
  1110 | D:4      | Found a sacrificial altar of Ru.
  1126 | D:4      | Reached XP level 5. HP: 28/28 MP: 5/9
  1250 | D:4      | Learned a level 4 spell: Flame Wave
  1253 | D:4      | Noticed Natasha
  1258 | D:4      | Killed Natasha
  1410 | D:4      | Noticed Natasha
  1430 | D:4      | Killed Natasha
  1659 | D:3      | Found a burning altar of Makhleb.
  1687 | D:3      | Identified the +0 robe "Plog" {Str+4 Dex+3}
  1863 | D:3      | Identified the +2 robe of Amorality {Harm rElec Int+2
                  | Dex-5}
  2013 | D:2      | Found Luam's Assorted Antiques.
  2028 | D:2      | Noticed Sigmund
  2030 | D:2      | Killed Sigmund
  2031 | D:2      | Reached XP level 6. HP: 32/32 MP: 12/12
  2262 | D:2      | Found Geetipniuku's Weapon Shop.
  2281 | D:2      | Found Huamuf's Weapon Emporium.
  2326 | D:2      | Found Afusoy's Magic Scroll Shoppe.
  2334 | D:2      | Bought a scroll of identify for 26 gold pieces
  2543 | D:2      | Found Equibrug's Distillery.
  2854 | D:3      | Found a basalt altar of Yredelemnul.
  3123 | D:3      | Reached XP level 7. HP: 27/36 MP: 14/14
  3314 | D:3      | Reached skill level 5 in Spellcasting
  3674 | D:4      | Noticed Blork the orc
  3677 | D:4      | Killed Blork the orc
  3769 | D:5      | Entered Level 5 of the Dungeon
  3769 | D:5      | Found Nimos's General Store.
  3783 | D:5      | Bought a +0 helmet for 58 gold pieces
  3820 | D:5      | Found Faqak's Book Emporium.
  3837 | D:5      | Reached skill level 5 in Fire Magic
  3956 | D:5      | Found Doduk's Antique Armour Boutique.
  3991 | D:5      | Found Ratogipp's Jewellery Boutique.
  3994 | D:5      | Reached XP level 8. HP: 41/41 MP: 16/16
  4228 | D:5      | Found Nosyz's Distillery.
  4344 | D:5      | Found an iron altar of Okawaru.
  5369 | D:6      | Reached skill level 5 in Conjurations
  5369 | D:6      | Reached XP level 9. HP: 46/46 MP: 19/19
  5504 | D:6      | Reached skill level 1 in Fighting
  5587 | D:6      | Found an ornate altar of the Wu Jian Council.
  5634 | D:6      | Found a shimmering blue altar of Sif Muna.
  5850 | D:7      | Found a staircase to the Ecumenical Temple.
  5900 | Temple   | Entered the Ecumenical Temple
  7077 | D:7      | Learned a level 5 spell: Lightning Bolt
  7267 | D:8      | Reached skill level 1 in Maces & Flails
  7267 | D:8      | Reached skill level 1 in Air Magic
  7271 | D:8      | Noticed a boulder beetle
  7277 | D:8      | Mangled by a boulder beetle

Illustrated notes

Levels and vault maps discovered:
D:1:      heliophobic_arrival_enchanted_forest, layout_basic
D:2:      layout_loops_ring, serial_shops, shop, shop_statue, shop,
          nicolae_shop_waterfront, shop, uniq_sigmund
D:3:      layout_loops_ring, mainiacjoe_overflow_brackets, bloody_makhleb,
          st_stairs_4
D:4:      layout_basic, nicolae_ru_sacrificial_ziggurat, uniq_blork_the_orc,
          uniq_natasha
D:5:      layout_basic, lemuel_doored_altar, serial_shops,
          nicolae_shop_waterfront, nicolae_stop_n_shop_1, nicolae_stop_n_shop_1,
          shop, shop
D:6:      layout_rooms, pdpol_wu_jian_five_deadly_venoms,
          lemuel_coloured_pillars_altar, hangedman_abyss_or_decor_lesser_grid,
          grunt_ministairs_6
D:7:      layout_loops_corners, temple_pool_b
D:8:      cheibrodos_fzero, layout_basic, minmay_ruffians, uniq_maggie
Temple:   nicolae_temple_slightly_damp_pantheon

Skill      XL: |  1  2  3  4  5  6  7  8  9 |
---------------+----------------------------+-----
Spellcasting   | 3 4 5 6 7 |  7.9
Conjurations   | 2 3 4 5 6 |  6.0
Fire Magic     | 4 5 7 |  7.8
Dodging        | 2 |  2.7
Fighting       | 1 |  1.0
Maces & Flails | 1 |  1.0
Air Magic      | 1 |  1.0
Stealth        | |  2.1
Translocations | |  0.3

Action                   |  1- 3 |  4- 6 |  7- 9 || total
-------------------------+-------+-------+-------++-------
Melee: Unarmed           |    10 |       |       ||    10
       Club              |     6 |     1 |       ||     7
       Whip              |       |    21 |    28 ||    49
       Punch             |       |       |     2 ||     2
       Mace              |       |       |     8 ||     8
 Cast: Foxfire           |    49 |    74 |   177 ||   300
       Scorch            |     2 |     8 |    38 ||    48
       Kindle Blastspark |       |       |     2 ||     2
  Use: Scroll            |       |     2 |    14 ||    16
 Stab: Sleeping          |       |     1 |       ||     1
Armor: Robe              |    12 |     9 |    10 ||    31
       Steam dragon scal |       |       |    19 ||    19
Dodge: Dodged            |    31 |     9 |    45 ||    85

Table legend: (Time is in decaauts)
 A = Elapsed time spent in this place.
 B = Non-inter-level travel time spent in this place.
 C = Inter-level travel time spent in this place.
 D = Time resting spent in this place.
 E = Time spent auto-exploring this place.
 F = Levels seen in this place.
 G = Mean time per level.
                   A        B        C        D        E       F      G
               +--------+--------+--------+--------+--------+-----+--------+
         Total |   7286 |   6867 |    419 |    188 |   5596 |   9 |  809.6 |
       Dungeon |   7098 |   6698 |    400 |    188 |   5440 |   8 |  887.2 |
        Temple |    187 |    168 |     19 |      0 |    156 |   1 |  187.0 |
               +--------+--------+--------+--------+--------+-----+--------+

Top non-repeatable levels by time:
     D:7: 1256 daAuts
     D:5: 1064 daAuts
     D:4: 1032 daAuts
     D:2: 1016 daAuts
     D:3: 1011 daAuts
     D:6: 798 daAuts
     D:1: 745 daAuts
  Temple: 187 daAuts
     D:8: 173 daAuts
